 Dungeon Crawl Stone Soup version 0.24-a0-307-gf989941 (webtiles) character file.

Game seed: 1152241484103078354

114426 MatthieuS the Unseen (level 16, -3/85 HPs)
             Began as a Spriggan Assassin on May 12, 2019.
             Was the Champion of Dithmenos.
             Killed from afar by Asterion (48 damage)
             ... with an orb of electricity
             ... on level 1 of the Spider Nest.
             The game lasted 01:43:40 (27455 turns).

MatthieuS the Unseen (Spriggan Assassin)           Turns: 27455, Time: 01:43:40

Health: -3/85      AC: 10    Str:  5    XL:     16   Next: 16%
Magic:  30/31      EV: 30    Int: 18    God:    Dithmenos [******]
Gold:   1295       SH:  9    Dex: 23    Spells: 1/35 levels left

rFire    + . .     SeeInvis +   a - +9 short sword (elec)
rCold    + . .     Gourm    .   G - +0 buckler
rNeg     + + +     Faith    +   Z - +4 troll leather armour {Purgy}
rPois    +         Spirit   .   z - +0 hat of Gokoomir {rC+ Slay-4 SInv}
rElec    .         Reflect  .   T - +0 cloak
rCorr    .         Harm     .   (gloves unavailable)
MR       +++++                  (boots unavailable)
Stlth    ++++++++++             I - amulet of faith {!P}
HPRegen  0.64/turn              c - ring "Yguidghay" {Wiz *Drain rF+ Dex+9}
MPRegen  0.22/turn              P - ring "Hibodet" {rPois rN+++ MR+++ Str-2 Dex-5}

@: shrouded, wreathed by umbra, very quick
A: very small, unfitting armour, see invisible, herbivore, speed 3, slow
metabolism 2
a: Shadow Step, Shadow Form, Renounce Religion


You were on level 1 of the Spider Nest.
You worshipped Dithmenos.
Dithmenos was exalted by your worship.
You were not hungry.

You visited 5 branches of the dungeon, and saw 25 of its levels.
You also visited: Gauntlet.

You collected 2916 gold pieces.
You spent 1621 gold pieces at shops.

Inventory:

Hand Weapons
 a - a +9 short sword of electrocution (weapon)
   (You took it off an orc on level 8 of the Dungeon)
 K - a +3 dagger of draining
   (You took it off a kobold on level 3 of the Dungeon)
Missiles
 b - 6 throwing nets {!f}
 f - a curare-tipped dart {!f}
 w - 39 poisoned darts (quivered)
 W - 5 datura-tipped darts
Armour
 z - the +0 hat of Gokoomir (worn) {rC+ Slay-4 SInv}
   (You acquired it on level 1 of the Spider Nest)

   It affects your accuracy and damage with ranged weapons and melee attacks
   (-4).
   It protects you from cold.
   It lets you see invisible.
 G - a +0 buckler (worn)
   (You found it on level 6 of the Dungeon)
 L - +0 swamp dragon scales
   (You found it on level 6 of the Lair of Beasts)
 T - a +0 cloak (worn)
   (You found it on level 1 of the Dungeon)
 Z - a +4 troll leather armour (worn) {Purgy}
   (You found it on level 3 of the Dungeon)
Jewellery
 c - the ring "Yguidghay" (left hand) {Wiz *Drain rF+ Dex+9}
   (You found it on level 8 of the Dungeon)

   [ring of wizardry]

   It improves your spell success rate.
   It affects your dexterity (+9).
   It protects you from fire.
   It causes draining when unequipped.
 H - an uncursed ring of positive energy
   (You found it on level 6 of the Dungeon)
 I - an amulet of faith (around neck) {!P}
   (You found it on level 7 of the Dungeon)
 J - an uncursed ring of protection from cold
   (You found it on level 7 of the Dungeon)
 M - an uncursed ring of flight
   (You took it off an orc on level 10 of the Dungeon)
 P - the ring "Hibodet" (right hand) {rPois rN+++ MR+++ Str-2 Dex-5}
   (You bought it in a shop on level 2 of the Orcish Mines)

   [ring of poison resistance]

   It affects your strength (-2).
   It affects your dexterity (-5).
   It protects you from poison.
   It renders you almost immune to negative energy.
   It affects your resistance to hostile enchantments.
 R - a +4 ring of evasion
   (You found it on level 1 of the Lair of Beasts)
 S - the ring "Denemo Ziuc" {rPois rC+ MP+9 Dex+3}
   (You bought it in a shop on level 2 of the Orcish Mines)

   [ring of magical power]

   It affects your dexterity (+3).
   It protects you from cold.
   It protects you from poison.
   It affects your magic capacity (+9).
 X - an uncursed ring of resist corrosion
   (You found it on level 2 of the Lair of Beasts)
Wands
 s - a wand of polymorph (14)
   (You found it on level 9 of the Dungeon)
 u - a wand of paralysis (2)
   (You found it on level 15 of the Dungeon)
 v - a wand of digging (18)
   (You found it on level 1 of the Lair of Beasts)
Scrolls
 d - a scroll of brand weapon
 g - 3 scrolls of magic mapping
 i - 8 scrolls of teleportation {@r4}
 m - 3 scrolls of blinking
 n - 6 scrolls of amnesia
 o - 8 scrolls of remove curse {@r2}
 B - 5 scrolls of immolation {!r}
 F - a scroll of fog
Potions
 h - 2 potions of berserk rage
 j - 5 potions of heal wounds {@q2}
 p - 2 potions of haste {@q3}
 q - 2 potions of cancellation
 r - a potion of magic
 x - 2 potions of flight
 A - a potion of agility
 C - 6 potions of curing {@q1}
 D - 5 potions of brilliance
 N - 4 potions of mutation {!q}
 O - 5 potions of ambrosia
Miscellaneous
 y - a lamp of fire
   (You found it on level 14 of the Dungeon)
 E - a lightning rod (4/4) {!a}
   (You found it on level 5 of the Lair of Beasts)
 V - a box of beasts
Comestibles
 e - 31 rations


   Skills:
 + Level 10.0 Fighting
 - Level 12.0 Short Blades
   Level 3.0(4.0) Slings
 - Level 3.3(3.7) Throwing
 - Level 4.6 Armour
 + Level 13.3 Dodging
 + Level 17.4 Stealth
 - Level 7.2 Shields
 + Level 10.1 Spellcasting
 + Level 7.8 Hexes
 + Level 6.8 Charms
 - Level 6.4 Translocations
 + Level 5.7 Air Magic
 + Level 3.9 Poison Magic
 + Level 1.0 Invocations
 + Level 10.4 Evocations


You had one spell level left.
You knew the following spells:

 Your Spells              Type           Power        Failure   Level  Hunger
a - Conjure Flame         Conj/Fire      #.......     16%         3    None
b - Blink                 Tloc           N/A          1%          2    None
c - Cause Fear            Hex            #####.....   1%          4    ###....
d - Mephitic Cloud        Conj/Pois/Air  ###.....     4%          3    None
e - Apportation           Tloc           ####..       1%          1    None
f - Silence               Hex/Air        ####......   9%          5    #####..
g - Discord               Hex            #####.....   100%        8    #######
r - Deflect Missiles      Chrm/Air       ####......   47%         6    ######.
A - Shroud of Golubria    Chrm/Tloc      ####......   1%          2    None

Your spell library contained the following spells:

 Spells                   Type           Power        Failure   Level  Hunger
 Confusing Touch          Hex            #####.       1%          1    None
 Infusion                 Chrm           ####         1%          1    None
 Sting                    Conj/Pois      ###.         2%          1    None
 Animate Skeleton         Necr           N/A          4%          1    None
 Magic Dart               Conj           #...         4%          1    None
 Summon Small Mammal      Summ           #...         4%          1    None
 Poisonous Vapours        Pois/Air       ####..       1%          2    None
 Slow                     Hex            #####...     1%          2    None
 Song of Slaying          Chrm           ####....     1%          2    None
 Swiftness                Chrm/Air       ####....     1%          2    None
 Spectral Weapon          Hex/Chrm       #####...     1%          3    None
 Regeneration             Chrm/Necr      ###.......   3%          3    None
 Recall                   Summ/Tloc      N/A          4%          3    None
 Call Imp                 Summ           #.......     8%          2    None
 Corpse Rot               Necr           N/A          8%          2    None
 Metabolic Englaciation   Hex/Ice        ###.......   26%         5    #####..
 Summon Mana Viper        Hex/Summ       ###.....     26%         5    #####..
 Yara's Violent Unravell  Hex/Tmut       ###.......   26%         5    #####..
 Excruciating Wounds      Chrm/Necr      ###.......   32%         5    #####..
 Summon Forest            Summ/Tloc      ###.......   32%         5    #####..
 Venom Bolt               Conj/Pois      ###.......   50%         5    #####..
 Aura of Abjuration       Summ           #.........   77%         5    #####..
 Bolt of Draining         Conj/Necr      #.........   77%         5    #####..
 Summon Demon             Summ           #.........   77%         5    #####..
 Shadow Creatures         Summ           N/A          99%         6    ######.


Dungeon Overview and Level Annotations

Branches:
Dungeon (15/15)            Temple (1/1) D:5            Lair (6/6) D:10
 Shoals (0/4) Lair:4       Spider (1/4) Lair:2        Slime (0/5) Lair:6
    Orc (2/2) D:10            Elf (0/3) Orc:2        Vaults (0/5) D:14
 Depths (0/5) D:15

Altars:
Ashenzari
Cheibriados
Dithmenos
Elyvilon
Fedhas
Gozag
Hepliaklqana
Kikubaaqudgha
Makhleb
Nemelex Xobeh
Okawaru
Qazlal
Ru
Sif Muna
Trog
Uskayaw
Vehumet
Wu Jian
Xom
Yredelemnul
Zin
The Shining One
Beogh

Shops:
D:10 !   Orc:2 =}(

Annotations:
Lair:2 1 runed translucent door, soulfreshner's ghost, journeyman NaEn
Spider:1 Asterion
Orc:1 3 runed translucent doors, bonscott's ghost, journeyman TeAE


Innate Abilities, Weirdness & Mutations

You are very small and have problems with some larger weapons.
You are too small for most types of armour.
You have supernaturally acute eyesight. (SInv)
You are a herbivore.
You cover ground extremely quickly.
You need to consume almost no food.


Message History

You hit the redback. Lightning courses through the redback!
You kill the redback!
Dithmenos accepts your kill.
You hit the blizzard demon.
Your shadow hits the blizzard demon but does no damage.
You hit the blizzard demon but do no damage.
Asterion completely misses you. Asterion gores you!
The blizzard demon closely misses you. x2
You see here a wolf spider corpse.
You see here a scroll of brand weapon.
d - a scroll of brand weapon Asterion blocks your attack.
Asterion screams, "What ORB?!
I have an entire kingdom!"
Asterion misses you. You block Asterion's attack.
Space distorts slightly along a thin shroud covering your body.
You block Asterion's attack. Asterion completely misses you.
You hit the tarantella.
Lightning courses through the tarantella!!
You hit Asterion but do no damage. You hit Asterion but do no damage.
You block Asterion's attack. Asterion closely misses you.
You hit Asterion. The blizzard demon gestures at you.
The bolt of lightning misses you.
You hit the tarantella.
Your shadow barely misses the tarantella.
Asterion barely misses you. x2; The tarantella completely misses you.
You closely miss the tarantella. The tarantella misses you.
Asterion completely misses you. Asterion gores you but does no damage.
You hit the tarantella but do no damage.
Your shadow barely misses the tarantella.
You completely miss the tarantella. You block the tarantella's attack.
Asterion closely misses you. Asterion completely misses you.
You closely miss the tarantella.
The blizzard demon waves its arms in wide circles.
The air twists around and strikes you! The tarantella barely misses you.
You barely miss the tarantella. Your shadow misses the tarantella.
Asterion misses you. Asterion closely misses you.
The tarantella completely misses you.
You hit the tarantella.
You kill the tarantella!
Dithmenos accepts your kill.
Your shroud bends the blizzard demon's attack away.
The blizzard demon hits you but does no damage.
You block Asterion's attack. Asterion completely misses you.
You see here a tarantella corpse.
Asterion conjures a destructive force in the name of Makhleb!
The orb of electricity explodes!
The orb of electricity engulfs you!!!
Ouch! That really hurt!
You die...

#..#.........#..
##.....#.....^..
#...#....#......
###.#.....#...#...
######≈.##...≈≈........
..#....^#≈#....#...#.....
≈...#...2≈.............#.
#......†H#.......#..^....
##..#...@.#....#..†.#....
#≈≈..........^..........
#≈≈..#.....†......#....#
≈≈≈.#.....#..............
.≈.≈.....^#...†..........
#..#.......>.#..#..#.....
.....#...#.....#!......#.
..........#..........^.
...#...............#.


You could see Asterion and a blizzard demon.

Vanquished Creatures
  A fire giant (D:15)
  A minotaur (Gauntlet)
  Snorg (Lair:6)
  An ettin (Orc:1)
  2 fire dragons (Lair:6)
  A yaktaur captain (D:14)
  Fannar (Lair:1)
  Harold (D:8)
  3 catoblepae
  8 hydras
  2 centaur warriors
  Erica (D:8)
  14 two-headed ogres
  7 death yaks
  2 ogre magi (Orc:2)
  A tengu warrior (D:15)
  An orc high priest (Orc:2)
  Urug (Lair:3)
  Nergalle (Lair:3)
  2 deep trolls (Orc:2)
  3 unseen horrors
  A lindwurm (Lair:6)
  A swamp dragon (Lair:6)
  3 orb spiders (Spider:1)
  Pikel (D:6)
  A necromancer (Gauntlet)
  2 wolf spiders (Spider:1)
  4 deep elf magi
  An orc knight (Orc:2)
  A wolf spider zombie (D:15)
  An orc sorcerer (Orc:1)
  7 ugly things
  3 manticores
  The ghost of n00b the Covert, a novice SpEn of Dithmenos (D:8)
  3 oklob plants
  4 cyclopes
  17 elephants
  Joseph (D:9)
  2 black mambas
  6 torpor snails
  2 gargoyles
  5 rime drakes
  8 spiny frogs
  A freezing wraith (D:14)
  2 yaktaurs (D:14)
  12 komodo dragons
  A minotaur zombie (Gauntlet)
  2 demonic crawlers (Spider:1)
  An efreet (Gauntlet)
  16 trolls
  A tengu conjurer (D:15)
  2 jumping spiders (Spider:1)
  A polar bear (Lair:5)
  7 hornets
  3 tyrant leeches (Lair:6)
  Grinder (D:3)
  15 slime creatures
  8 blink frogs (Lair:4)
  14 hippogriffs
  6 dream sheep (Lair:6)
  A meliai zombie (D:15)
  9 redbacks (Spider:1)
  3 wraiths
  2 centaur simulacra (D:13)
  2 shadows
  Sigmund (D:3)
  A human (D:14)
  5 tarantellas (Spider:1)
  3 fire elementals (Gauntlet)
  61 yaks
  4 wyverns
  3 basilisks
  Grum (D:11)
  8 vampire mosquitoes
  2 hungry ghosts
  2 wargs (Orc:2)
  A soldier ant (D:14)
  5 acid dragons
  9 water moccasins
  5 porcupines
  3 hell hounds (Gauntlet)
  Purgy (D:3)
  A swamp drake (Lair:6)
  A slave (D:6)
  17 orc warriors
  2 eyes of draining
  8 ice beasts
  A necrophage (D:14)
  2 phantoms
  5 sky beasts
  3 black bears
  4 boggarts (D:15)
  29 ogres
  21 wolves
  12 centaurs
  12 crocodiles
  16 bullfrogs
  A wyvern zombie (D:13)
  A wyvern skeleton (D:13)
  7 scorpions
  7 wights
  4 howler monkeys (D:7)
  An electric eel (D:13)
  7 crimson imps
  A bullfrog zombie (D:12)
  3 centaur zombies
  6 hounds
  31 orc priests
  5 jellies
  21 orc wizards
  7 centaur skeletons
  5 iguanas
  Natasha (thrice) (D:4)
  7 worker ants
  3 hell rats (D:10)
  A bullfrog simulacrum (D:13)
  3 hound skeletons
  A howler monkey skeleton (D:11)
  11 adders
  7 gnolls
  2 river rats (D:10)
  3 shadow imps
  A white imp (D:13)
  An ufetubus (D:13)
  2 oozes
  An adder zombie (D:9)
  2 adder skeletons
  3 worms
  2 dart slugs
  3 leopard geckos
  94 orcs
  5 giant cockroaches
  5 goblins
  6 hobgoblins
  4 jackals
  7 quokkas
  4 bats
  3 frilled lizards
  A jackal zombie (D:6)
  10 kobolds
  A leopard gecko skeleton (D:7)
  A leopard gecko zombie (D:5)
  A quokka skeleton (D:4)
  A quokka zombie (D:6)
  14 rats
  11 plants
820 creatures vanquished.

Vanquished Creatures (collateral kills)
  A torpor snail (Lair:6)
  3 hornets (Lair:6)
  A tyrant leech (Lair:6)
  A plant (Lair:6)
6 creatures vanquished.

Vanquished Creatures (others)
  A shadow imp (D:6)
  An orc (Orc:2)
  8 fungi
  13 plants
23 creatures vanquished.

Grand Total: 849 creatures vanquished

Notes
Turn   | Place    | Note
-------+----------+-------------------------------------------
     0 | D:1      | MatthieuS the Spriggan Assassin began the quest for the
                  | Orb.
     0 | D:1      | Reached XP level 1. HP: 10/10 MP: 2/2
   439 | D:1      | Reached skill level 6 in Stealth
   546 | D:1      | Reached XP level 2. HP: 15/15 MP: 3/3
  1013 | D:1      | You fall through a shaft!
  1076 | D:2      | You fall through a shaft for 2 floors!
  1090 | D:4      | Reached XP level 3. HP: 5/18 MP: 4/4
  1422 | D:4      | Noticed Natasha
  1450 | D:4      | Killed Natasha
  1450 | D:4      | Reached XP level 4. HP: 12/23 MP: 5/5
  1857 | D:3      | Noticed Sigmund
  1870 | D:3      | Killed Sigmund
  1870 | D:3      | Reached skill level 7 in Stealth
  1870 | D:3      | Reached XP level 5. HP: 18/27 MP: 6/6
  1961 | D:2      | Reached XP level 6. HP: 29/32 MP: 7/7
  2918 | D:3      | Noticed Grinder
  3403 | D:3      | Paralysed by Grinder for 4 turns
  3408 | D:3      | Killed Grinder
  3408 | D:3      | Reached skill level 1 in Slings
  3694 | D:3      | Noticed Purgy
  3783 | D:3      | Reached XP level 7. HP: 29/36 MP: 8/8
  4030 | D:3      | Killed Purgy
  4030 | D:3      | Reached skill level 5 in Dodging
  4030 | D:3      | Reached skill level 1 in Spellcasting
  4569 | D:4      | Reached skill level 8 in Stealth
  4635 | D:4      | Noticed Natasha
  4693 | D:4      | Killed Natasha
  4790 | D:4      | Noticed Natasha
  4794 | D:4      | Killed Natasha
  5502 | D:5      | Entered Level 5 of the Dungeon
  5869 | D:5      | Reached XP level 8. HP: 41/41 MP: 12/12
  5908 | D:5      | Reached skill level 5 in Short Blades
  6142 | D:5      | Found a staircase to the Ecumenical Temple.
  6203 | Temple   | Entered the Ecumenical Temple
  6469 | Temple   | Became a worshipper of Dithmenos the Shadowed
  6706 | D:6      | Noticed Pikel
  6746 | D:6      | Killed Pikel
  6746 | D:6      | Reached skill level 9 in Stealth
  7069 | D:6      | Learned a level 2 spell: Blink
  7073 | D:6      | Learned a level 3 spell: Mephitic Cloud
  7346 | D:7      | Noticed a two-headed ogre
  7357 | D:7      | Noticed a troll
  7374 | D:7      | Killed a two-headed ogre
  7374 | D:7      | Reached skill level 1 in Shields
  7374 | D:7      | Reached XP level 9. HP: 46/46 MP: 15/15
  7376 | D:7      | Killed a troll
  7376 | D:7      | Reached skill level 10 in Stealth
  7972 | D:7      | Reached * piety under Dithmenos
  8204 | D:7      | Identified the Guide on Glacial Aid
  8213 | D:7      | Learned a level 6 spell: Deflect Missiles
  8331 | D:7      | Reached skill level 5 in Fighting
  8582 | D:8      | Found a runed translucent door.
  8583 | D:8      | Noticed n00b's ghost (novice SpEn)
  8588 | D:8      | Killed n00b's ghost
  8681 | D:8      | Reached XP level 10. HP: 51/51 MP: 16/16
  8731 | D:8      | Noticed Harold
  8742 | D:8      | Killed Harold
  8742 | D:8      | Reached skill level 11 in Stealth
  9215 | D:8      | Noticed Erica
  9219 | D:8      | Killed Erica
  9219 | D:8      | Reached skill level 5 in Shields
  9318 | D:8      | Reached ** piety under Dithmenos
  9731 | D:8      | Got a clouded lead ring
  9755 | D:8      | Identified the ring "Yguidghay" {Wiz *Drain rF+ Dex+9} (You
                  | found it on level 8 of the Dungeon)
  9826 | D:9      | Reached skill level 12 in Stealth
 10149 | D:9      | Noticed Joseph
 10169 | D:9      | Killed Joseph
 10575 | D:9      | Reached XP level 11. HP: 56/56 MP: 17/17
 10624 | D:9      | Reached *** piety under Dithmenos
 10679 | D:9      | Found a basalt altar of Yredelemnul.
 10843 | D:10     | Entered Level 10 of the Dungeon
 10876 | D:10     | Learned a level 3 spell: Conjure Flame
 11325 | D:10     | Noticed a death yak
 11656 | D:10     | Found Kimi's Distillery.
 11661 | D:10     | Bought a potion of mutation for 120 gold pieces
 11661 | D:10     | Bought a potion of heal wounds for 75 gold pieces
 11661 | D:10     | Bought a potion of curing for 45 gold pieces
 11661 | D:10     | Bought a potion of heal wounds for 75 gold pieces
 11661 | D:10     | Bought a potion of brilliance for 60 gold pieces
 11718 | D:10     | Reached **** piety under Dithmenos
 11748 | D:10     | Found a staircase to the Orcish Mines.
 12037 | D:10     | Found a staircase to the Lair.
 12150 | D:10     | Noticed a death yak
 12172 | Lair:1   | Entered Level 1 of the Lair of Beasts
 12193 | Lair:1   | Noticed Fannar
 12200 | Lair:1   | Killed Fannar
 12200 | Lair:1   | Reached skill level 13 in Stealth
 12460 | Lair:1   | Reached ***** piety under Dithmenos
 12883 | Lair:1   | Reached skill level 10 in Short Blades
 13205 | Lair:2   | Found a hole to the Spider Nest.
 13246 | Lair:2   | Noticed a catoblepas
 13253 | Lair:2   | Killed a catoblepas
 13253 | Lair:2   | Reached XP level 12. HP: 63/63 MP: 17/19
 13383 | Lair:2   | Found a runed translucent door.
 13383 | Lair:2   | Found a shimmering altar of Xom.
 13383 | Lair:2   | Noticed soulfreshner's ghost (journeyman NaEn)
 13491 | Lair:2   | Noticed a seven-headed hydra
 13580 | Lair:2   | Killed a seven-headed hydra
 13580 | Lair:2   | Reached skill level 14 in Stealth
 13580 | Lair:2   | Reached skill level 1 in Charms
 13580 | Lair:2   | Reached skill level 1 in Translocations
 14066 | Lair:3   | Learned a level 4 spell: Cause Fear
 14126 | Lair:3   | Noticed Nergalle
 14133 | Lair:3   | Killed Nergalle
 14133 | Lair:3   | Reached skill level 1 in Air Magic
 14217 | Lair:3   | Noticed Urug
 14225 | Lair:3   | Killed Urug
 14503 | Lair:3   | Learned a level 2 spell: Shroud of Golubria
 14946 | Lair:4   | Reached skill level 5 in Spellcasting
 15097 | Lair:4   | Found a staircase to the Shoals.
 15173 | Lair:4   | Noticed a catoblepas
 15180 | Lair:4   | Killed a catoblepas
 15347 | Lair:4   | Reached skill level 5 in Evocations
 15925 | Lair:5   | Reached skill level 5 in Charms
 15925 | Lair:5   | Reached XP level 13. HP: 44/68 MP: 22/22
 15989 | Lair:5   | Reached skill level 5 in Translocations
 16222 | Lair:5   | Identified the Grimoire of Black Magic and Intoxication
 16242 | Lair:5   | Reached skill level 15 in Stealth
 16416 | Lair:5   | Reached ****** piety under Dithmenos
 16416 | Lair:5   | Reached skill level 10 in Dodging
 16535 | Lair:6   | Entered Level 6 of the Lair of Beasts
 16773 | Lair:6   | Found a gate leading to a gauntlet.
 16789 | Gauntlet | Entered a Gauntlet
 16789 | Gauntlet | Found a transporter.
 16789 | Gauntlet | Found a transporter.
 16789 | Gauntlet | Found a transporter.
 16810 | Gauntlet | Found a transporter.
 16820 | Gauntlet | Found a transporter.
 16823 | Gauntlet | Found a transporter.
 16832 | Gauntlet | Noticed a green death
 16833 | Gauntlet | Found a transporter.
 16852 | Gauntlet | Found a transporter.
 16856 | Gauntlet | Found a transporter.
 16859 | Gauntlet | Found a transporter.
 16867 | Gauntlet | Found a transporter.
 16870 | Gauntlet | Found a transporter.
 17179 | Gauntlet | Reached skill level 1 in Hexes
 17264 | Gauntlet | Identified the cursed +2 war axe of the Viper {speed, rC+
                  | Str+4}
 17264 | Gauntlet | Noticed a minotaur
 17284 | Gauntlet | Killed a minotaur
 17347 | Lair:6   | Reached skill level 1 in Armour
 17405 | Lair:6   | Noticed Snorg
 17477 | Lair:6   | Killed Snorg
 17946 | Lair:6   | Reached XP level 14. HP: 48/74 MP: 26/26
 18268 | Lair:6   | Found a staircase to the Slime Pits.
 18826 | Lair:6   | HP: 2/74 [poison (poison gas)]
 19159 | Lair:6   | Found a runed translucent door.
 19341 | Lair:6   | Paralysed by a hornet for 3 turns
 19356 | Lair:6   | Got a twisted hunting sling
 19357 | Lair:6   | Identified the +1 hunting sling of Indignation {velocity,
                  | MR- Int+3} (You found it on level 6 of the Lair of Beasts)
 19672 | D:10     | Reached skill level 16 in Stealth
 19952 | D:11     | Noticed Grum
 20006 | D:11     | Killed Grum
 20148 | D:11     | Learned a level 5 spell: Silence
 20987 | D:12     | Found a shattered altar of Ashenzari.
 21444 | D:13     | Found a sacrificial altar of Ru.
 21466 | D:13     | Reached skill level 5 in Hexes
 22219 | D:14     | Reached XP level 15. HP: 67/79 MP: 28/28
 22415 | D:14     | Reached skill level 1 in Poison Magic
 22439 | D:14     | Found a gate to the Vaults.
 23001 | D:14     | Learned a level 1 spell: Apportation
 23200 | D:15     | Entered Level 15 of the Dungeon
 23564 | D:15     | Found a staircase to the Depths.
 23565 | D:15     | Noticed a fire giant
 23702 | D:15     | Killed a fire giant
 23916 | D:15     | Reached skill level 5 in Air Magic
 24015 | D:15     | Reached skill level 17 in Stealth
 24232 | Spider:1 | Entered Level 1 of the Spider Nest
 24256 | Spider:1 | Reached skill level 10 in Evocations
 24320 | Spider:1 | Noticed Asterion
 24332 | Spider:1 | Identified a scroll of acquirement
 24351 | Spider:1 | Got a steaming hat
 24388 | Spider:1 | Identified the +0 hat of Gokoomir {rC+ Slay-4 SInv} (You
                  | acquired it on level 1 of the Spider Nest)
 24758 | Orc:1    | Entered Level 1 of the Orcish Mines
 24802 | Orc:1    | You fall through a shaft!
 24802 | Orc:2    | Entered Level 2 of the Orcish Mines
 24866 | Orc:2    | Found Jufy's Jewellery Shop.
 24870 | Orc:2    | Found Lygiog's Gadget Emporium.
 24870 | Orc:2    | Found Somez's General Store.
 25047 | Orc:1    | Found a runed translucent gate.
 25047 | Orc:1    | Noticed bonscott's ghost (journeyman TeAE)
 25057 | Orc:1    | Found a runed translucent gate.
 25059 | Orc:1    | Found a runed translucent gate.
 25464 | Orc:1    | Found a roughly hewn altar of Beogh.
 25597 | Orc:2    | Found Immysom's Weapon Boutique.
 25646 | Orc:2    | Found a staircase to the Elven Halls.
 25679 | Orc:2    | Bought the ring "Hibodet" {rPois rN+++ MR+++ Str-2 Dex-5}
                  | for 623 gold pieces
 25679 | Orc:2    | Bought the ring "Denemo Ziuc" {rPois rC+ MP+9 Dex+3} for
                  | 623 gold pieces
 26250 | Orc:2    | Reached skill level 10 in Spellcasting
 26250 | Orc:2    | Reached XP level 16. HP: 71/85 MP: 29/31
 26273 | Orc:2    | Reached skill level 10 in Fighting
 26524 | Orc:2    | Learned a level 8 spell: Discord
 27392 | Spider:1 | Reached skill level 1 in Invocations
 27455 | Spider:1 | Killed from afar by Asterion

Levels and vault maps discovered:
D:1:      evilmike_arrival_run_for_it, layout_basic, minmay_parallelograms,
          minmay_rat_gold_closets
D:2:      layout_basic
D:3:      layout_loops_ring, uniq_sigmund, uniq_grinder, uniq_purgy
D:4:      layout_basic, first_ration, uniq_natasha
D:5:      layout_gridville, temple_pool_b
D:6:      lemuel_ice_spiral_2, layout_rooms, uniq_pikel, uniq_crazy_yiuf_cottage
D:7:      layout_loops_ring
D:8:      minmay_weird_star, layout_basic, ebering_ghost_inner_flame,
          uniq_harold, uniq_erica
D:9:      layout_loops_corners, marbit_many_paths, uniq_joseph
D:10:     layout_roguey, dpeg_lair_monsters, erik_orc_4, serial_shops,
          shop_fountains
D:11:     layout_stronghold, uniq_grum
D:12:     layout_irregular_city, serial_column_ruins,
          column_ruins_temple_circle, column_ruins_hut_water,
          column_ruins_open_tiny, column_ruins_open_tiny,
          column_ruins_columns_dead_end, column_ruins_grid_4,
          column_ruins_grid_1, column_ruins_open_tiny,
          column_ruins_corridor_corner
D:13:     layout_long_grid, basic_altar, serial_ice, serial_ice_k, serial_ice_b,
          serial_ice_e, serial_ice_h
D:14:     layout_irregular_city, david_vaults_2,
          hangedman_abyss_or_decor_passed, grunt_livestock
D:15:     grunt_enter_depths_giant_problem, layout_gridville,
          minmay_strange_pillars
Temple:   nicolae_temple_the_god_donut
Lair:1:   layout_chaotic_city, grunt_megastairs_3, serial_bayou_shore_b,
          lemuel_fruit_fields, uniq_fannar
Lair:2:   layout_cave_pods, spider_nest_entry_web_field, ebering_ghost_xom,
          lemuel_fruit_tree
Lair:3:   layout_regular_city, nicolae_quartered_pool_super,
          minmay_lair_oklob_chamber, uniq_urug, uniq_nergalle
Lair:4:   layout_gridlike, shoals_dummy_entry, minmay_stone_trees_small
Lair:5:   layout_misc_corridors
Lair:6:   guppyfry_lair_end_dragon, layout_loops_ring, wormcave,
          minmay_slime_entry_oklob_open, gauntlet_entry_generic,
          grunt_megastairs_5, uniq_snorg
Spider:1: layout_spider_delve, drop_trap, uniq_asterion
Orc:1:    layout_diamond_mine, gammafunk_ghost_split, minmay_orc_temple_b
Orc:2:    st_orc_open, layout_caves

Skill      XL: |  1  2  3  4  5  6  7  8  9 10 11 12 13 14 15 16 |
---------------+-------------------------------------------------+-----
Stealth        | 6 7 8 9 10 12 13 14 15 16 17 | 17.4
Dodging        | 2 3 4 5 7 8 9 10 12 13 | 13.3
Fighting       | 2 3 4 5 6 7 8 9 10 | 10.0
Short Blades   | 3 4 6 7 8 10 11 12 | 12.0
Throwing       | 3 |  3.3
Slings         | 1 3 |  3.0
Spellcasting   | 2 3 4 5 7 8 10 | 10.1
Evocations     | 2 3 5 7 9 10 | 10.4
Shields        | 1 3 5 7 |  7.2
Charms         | 5 6 |  6.8
Translocations | 4 6 |  6.4
Air Magic      | 3 4 5 |  5.7
Hexes          | 2 5 7 |  7.8
Armour         | 1 3 4 |  4.6
Poison Magic   | 3 |  3.9
Invocations    | 1 |  1.0

Action                   |  1- 3 |  4- 6 |  7- 9 | 10-12 | 13-15 | 16-18 || total
-------------------------+-------+-------+-------+-------+-------+-------++-------
Melee: Dagger            |    75 |    27 |   856 |     2 |       |       ||   960
       Short sword       |       |       |       |   714 |  1949 |   190 ||  2853
 Fire: Hunting sling     |       |   167 |   152 |       |       |       ||   319
Throw: Dart              |    18 |    15 |    16 |    58 |     4 |       ||   111
 Cast: Conjure Flame     |       |       |       |     5 |       |       ||     5
       Mephitic Cloud    |       |       |       |     1 |    19 |       ||    20
       Blink             |       |       |       |     1 |       |       ||     1
       Shroud of Golubri |       |       |       |     5 |     3 |     2 ||    10
       Cause Fear        |       |       |       |       |     3 |       ||     3
Invok: Shadow Step       |       |       |       |     1 |     1 |       ||     2
 Abil: Evoke Flight      |       |       |       |     2 |       |       ||     2
Evoke: Wand              |       |       |     5 |    27 |    19 |     6 ||    57
       Lightning rod     |       |       |       |       |     6 |       ||     6
       Box of beasts     |       |       |       |       |     2 |       ||     2
       Lamp of fire      |       |       |       |       |     1 |       ||     1
  Use: Scroll            |       |     6 |    10 |    10 |    20 |       ||    46
       Potion            |       |     2 |     1 |     2 |    16 |       ||    21
 Stab: Sleeping          |     4 |     3 |    11 |    64 |   112 |       ||   194
       Paralysed         |       |       |     5 |     2 |       |     1 ||     8
       Distracted        |       |       |       |     7 |    21 |     1 ||    29
       Confused          |       |       |       |       |    10 |       ||    10
  Eat: Ration            |       |       |     4 |     4 |     6 |     1 ||    15
Armor: Robe              |    12 |     6 |    10 |       |       |       ||    28
       Troll leather arm |       |       |    72 |    18 |    90 |     6 ||   186
       Swamp dragon scal |       |       |       |       |     1 |       ||     1
Dodge: Dodged            |    40 |    75 |   506 |   328 |  1180 |   179 ||  2308
Block: Buckler           |       |       |    81 |   186 |   586 |    85 ||   938

Table legend:
 A = Non-vault XP
 B = Vault XP
 C = Vault XP percentage of total XP
 D = Non-vault monster count
 E = Vault monster count
 F = Vault count percentage of total count
                 A         B        C        D         E       F
            +---------+---------+-------+---------+---------+-------
      Total |  108344 |   55123 |  33.7 |     624 |     190 |  23.3
            +---------+---------+-------+---------+---------+-------
        D:1 |      26 |       6 |  18.8 |      13 |       6 |  31.6
        D:2 |      61 |       0 |   0.0 |      20 |       0 |   0.0
        D:3 |     117 |     625 |  84.2 |      23 |       3 |  11.5
        D:4 |     382 |      36 |   8.6 |      21 |       1 |   4.5
        D:5 |     375 |       0 |   0.0 |      18 |       0 |   0.0
        D:6 |     399 |     617 |  60.7 |      11 |       1 |   8.3
        D:7 |    2080 |       0 |   0.0 |      17 |       0 |   0.0
        D:8 |    1626 |    2654 |  62.0 |      28 |       4 |  12.5
        D:9 |    2380 |     548 |  18.7 |      36 |       2 |   5.3
       D:10 |    2747 |    3140 |  53.3 |      33 |      28 |  45.9
       D:11 |    3327 |     530 |  13.7 |      23 |       4 |  14.8
       D:12 |    4391 |       0 |   0.0 |      27 |       0 |   0.0
       D:13 |    9311 |    1820 |  16.4 |      45 |      10 |  18.2
       D:14 |   15023 |    2789 |  15.7 |      44 |       8 |  15.4
       D:15 |   12077 |    1835 |  13.2 |      37 |       1 |   2.6
     Lair:1 |    2126 |    2540 |  54.4 |      11 |       8 |  42.1
     Lair:2 |    3355 |       0 |   0.0 |       9 |       0 |   0.0
     Lair:3 |    1396 |    2523 |  64.4 |       5 |       4 |  44.4
     Lair:4 |    9783 |       0 |   0.0 |      35 |       0 |   0.0
     Lair:5 |   10131 |       0 |   0.0 |      32 |       0 |   0.0
     Lair:6 |   13361 |   15909 |  54.4 |      40 |      44 |  52.4
   Spider:1 |    7522 |       0 |   0.0 |      24 |       0 |   0.0
      Orc:1 |    3136 |    2966 |  48.6 |      28 |      17 |  37.8
      Orc:2 |    3212 |   12518 |  79.6 |      44 |      34 |  43.6
   Gauntlet |       0 |    4067 | 100.0 |       0 |      15 | 100.0
            +---------+---------+-------+---------+---------+-------
